Match 47464093
Unlisted

Match 47464093
End
Selects Special Operations Battlegroup
Selects M29 Weasel Recon Vehicle
M29 Weasel Recon Vehicle
Engineer Squad
Construct Weapon Support Center
M1919 Machine Gun Team
M1919 Machine Gun Team
Selects Smoke Screen
Infantry Support Center
Construct Motor Pool
Bazooka Squad
Selects SSF Commando Squad
M8 Greyhound Armored Car
SSF Commando Squad
Improved M9 Bazooka Rockets
M1919 Machine Gun Team
Advanced Logistics
SSF Commando Squad
M1 Anti-tank Gun Team
Selects Assault Operation
Selects Mark Vehicle
SSF Commando Squad
Mark Vehicle
Engineer Squad
Selects M4A1 Sherman Whizbang
M4A1 Sherman Whizbang
Construct Medical Station
Mark Vehicle
Smoke Screen
Survival Training
Mark Vehicle
Scout Squad
Munitions Surplus
Mark Vehicle
M4A1 Sherman Whizbang
Smoke Screen
M4A1 Sherman Whizbang
Engineer Squad
Smoke Screen
Mark Vehicle
M1919 Machine Gun Team
Assault Operation
Engineer Squad
M4A1 Sherman Whizbang
Smoke Screen
Mark Vehicle
Mark Vehicle
nepuher
Nukepapa
0
0

Comments sign in to comment!

No comments posted yet!